 Dungeon Crawl Stone Soup version 0.25-a0-388-g41a7e554cb (webtiles) character file.

Game seed: 15454649311009064592, levelgen mode: deterministic

44820 Borgoz the Basher (level 14, -19/136 HPs)
             Began as a Gargoyle Berserker on Jan 7, 2020.
             Was a High Priest of Trog.
             Killed from afar by a deep elf mage (30 damage)
             ... with a bolt of fire
             ... on level 14 of the Dungeon.
             The game lasted 00:24:53 (12702 turns).

Borgoz the Basher (Gargoyle Berserker)             Turns: 12702, Time: 00:24:54

Health: -19/136    AC: 41    Str: 29    XL:     14   Next: 30%
Magic:  14/14      EV: 16    Int:  7    God:    Trog [*****.]
Gold:   1266       SH: 14    Dex: 11    Spells: 13/13 levels left

rFire    . . .     SeeInvis .   U - +5 morningstar (crush)
rCold    + . .     Gourm    .   Q - +2 shield {reflect}
rNeg     + . .     Faith    .   K - +10 chain mail of a treasure trove {+Fly rCorr Int-4}
rPois    ∞         Spirit   .   N - +2 helmet {Int+3}
rElec    +         Reflect  +   l - +0 cloak
rCorr    +         Harm     +   Y - +2 pair of gloves
MR       +....                  (no boots)
Stlth    ..........             b - amulet of harm
HPRegen  0.32/turn              s - +4 ring of evasion
MPRegen  0.14/turn              a - ring of protection from cold

@: berserking, very quick
A: big wings, negative energy resistance 1, electricity resistance, unbreathing,
petrification resistance, rot immunity, AC +10
a: Fly, Berserk, Trog's Hand, Brothers in Arms, Renounce Religion, Evoke Flight


You were on level 14 of the Dungeon.
You worshipped Trog.
Trog was extremely pleased with you.
You were very hungry.

You visited 1 branch of the dungeon, and saw 14 of its levels.
You also visited: Bailey and Ice Cave.

You collected 1482 gold pieces.
You spent 216 gold pieces at shops.

Inventory:

Hand Weapons
 A - the +7 whip of Fedhas {flame, Dex+5}
   (You found it on level 5 of the Dungeon)

   It has been specially enchanted to burn those struck by it, causing extra
   injury to most foes and up to half again as much damage against particularly
   susceptible opponents.
   It affects your dexterity (+5).
 E - the +4 rapier of Distant Worlds {pierce, Int+3, unknown}
   (Trog gifted it to you on level 8 of the Dungeon)

   It inflicts extra damage upon your enemies.
   It affects your intelligence (+3).
 U - a +5 morningstar of crushing (weapon)
Missiles
 G - 4 throwing nets (quivered)
Armour
 g - +0 steam dragon scales
 l - a +0 cloak (worn)
 C - the +0 robe of Elitism {rF+ MR+ Str+2 Dex-5}
   (You found it on level 7 of the Dungeon)

   It affects your strength (+2).
   It affects your dexterity (-5).
   It protects you from fire.
   It affects your resistance to hostile enchantments.
 K - the +10 chain mail of a treasure trove (worn) {+Fly rCorr Int-4}
   (You found it on level 12 of the Dungeon)

   It affects your intelligence (-4).
   It lets you fly.
   It provides partial protection from all sources of acid and corrosion.
 N - a +2 helmet of intelligence (worn)
 Q - a +2 shield of reflection (worn)
 T - the +2 scale mail "Nefag" {rC- Regen+ Int+9 Dex+4}
   (You found it on level 10 of the Dungeon)

   It affects your intelligence (+9).
   It affects your dexterity (+4).
   It makes you vulnerable to cold.
   It increases your rate of regeneration.
 Y - a +2 pair of gloves (worn)
Jewellery
 a - a ring of protection from cold (right hand)
 b - an amulet of harm (around neck)
 o - an uncursed ring of ice
 s - a +4 ring of evasion (left hand)
 y - an uncursed ring of positive energy
 J - the ring "Hinlicu" {MR+ Str-5 Int+5}
   (You found it on level 8 of the Dungeon)

   [ring of strength]

   It affects your strength (-5).
   It affects your intelligence (+5).
   It affects your resistance to hostile enchantments.
 W - an uncursed amulet of guardian spirit {unknown}
Wands
 q - a wand of acid (25)
 B - a wand of digging (4)
 L - a wand of polymorph (17)
 R - a wand of disintegration (10)
Scrolls
 d - 3 scrolls of remove curse
 e - 5 scrolls of teleportation
 f - 5 scrolls of magic mapping
 i - a scroll of fog
 k - 3 scrolls of enchant weapon
 p - 3 scrolls of blinking
 r - 4 scrolls of fear
 u - 3 scrolls of enchant armour {unknown}
 z - a scroll of silence {unknown}
 H - a scroll of summoning {unknown}
 I - 3 scrolls of amnesia {unknown}
 O - 2 scrolls of acquirement {unknown}
 P - 2 scrolls of random uselessness {unknown}
 S - a scroll of brand weapon {unknown}
Potions
 h - 8 potions of haste
 j - 3 potions of lignification {unknown}
 m - a potion of agility
 n - 4 potions of curing
 t - a potion of mutation
 v - 2 potions of berserk rage {unknown}
 w - a potion of heal wounds
 x - 3 potions of might
 D - 2 potions of cancellation {unknown}
 V - a potion of flight {unknown}
 X - a potion of magic {unknown}
Comestibles
 c - 33 rations
 M - 10 chunks of flesh


   Skills:
 + Level 11.8 Fighting
 * Level 14.5 Maces & Flails
 + Level 11.5 Armour
 + Level 9.0 Dodging
 + Level 8.9 Shields


You had 13 spell levels left.
You didn't know any spells.
Your spell library was empty.

Dungeon Overview and Level Annotations

Branches:
Dungeon (14/15)            Temple (0/1) D:6            Lair (0/6) D:10
    Orc (0/2) D:11         Vaults (0/5) D:14         Bailey (visited)
  IceCv (visited)

Altars:
Ashenzari
Dithmenos
Elyvilon
Hepliaklqana
Okawaru
Qazlal
Ru
Vehumet
Wu Jian
Xom
Yredelemnul
Zin

Shops:
D:4 [   D:6 %   D:8 *   D:9 *   D:13 !

Portals:
Trove: D:11 (give 2 scrolls of acquirement)

Annotations:
D:10 2 transporters, Inarius's ghost, novice DsAK


Innate Abilities, Weirdness & Mutations

You are resistant to torment.
Your stone body is resilient. (AC +10)
You are immune to poison.
Your large and strong wings let you fly indefinitely.
You resist negative energy. (rN+)
You are resistant to electric shocks. (rElec)
You can survive without breathing.
You are immune to petrification.
You are immune to rotting.


Message History

Okay, then.
Really walk into that cloud of flame? [Y]es or [N]o only, please.
Really walk into that cloud of flame?
You are engulfed in blazing flames.
* * * LOW HITPOINT WARNING * * *
You block the fire elemental's attack.
The deep elf mage mumbles some strange words.
There is an open door here.
You block the deep elf mage's attack. The fire elemental hits you.
The fire elemental burns you!
* * * LOW HITPOINT WARNING * * *
The fire elemental hits you. The fire elemental burns you!
* * * LOW HITPOINT WARNING * * *
A red film seems to cover your vision as you go berserk!
You feel yourself moving faster!
You feel mighty!
You are feeling very hungry.
The deep elf mage gestures at you while chanting.
The bolt of fire hits you!!
You die...

# #(.'≈≈≈≈'.# #.............#.
######).#≈≈≈≈###
#####'#########.
.....)###≈≈≈≈# #.# #. ≈≈≈≈≈)#
###### *#.# ## ####≈)# #..#
*..* # ...#≈.#####'####
***.******** #
.∩..≈.........○###*,,,,,,,,,,*
#
...#≈........○EEe#*,,,,,,,,,,*
*
####≈.........E#@#*,,,,,,,,,,*
*
≈≈≈≈≈..........#E#*,,,,,,,,<,*
*
......:........#..,,,,,,,,,,,*
#..............####<,,,,,,,,,*
################ *,,,,,,,,>,*
************


You could see a deep elf mage and 3 fire elementals.

Vanquished Creatures
  A tengu reaver (D:13)
  A frost giant (IceCv)
  2 vampire knights (D:14)
  An ettin (D:13)
  2 vault guards (D:14)
  4 centaur warriors (D:14)
  6 two-headed ogres
  A death knight (D:14)
  A skeletal warrior (D:14)
  A swamp dragon (shapeshifter) (D:14)
  An unseen horror (D:14)
  2 orc knights (Bailey)
  5 ugly things (D:14)
  2 phantasmal warriors (D:14)
  A wolf spider zombie (D:14)
  A cyclops (D:13)
  2 manticores
  A centaur zombie (D:10)
  2 gargoyles
  An ice statue (IceCv)
  2 rime drakes (D:14)
  A komodo dragon (D:10)
  A tengu conjurer (D:13)
  17 polar bears (IceCv)
  2 tyrant leeches (D:14)
  4 trolls
  A meliai zombie (D:14)
  3 hippogriffs
  A centaur simulacrum (D:13)
  3 shadows
  A spriggan (D:7)
  22 yaks
  2 wraiths (D:13)
  A vampire (D:14)
  Grum (D:6)
  A steam dragon (D:12)
  2 hungry ghosts (D:14)
  8 vampire mosquitoes
  A soldier ant (D:12)
  2 necrophages
  13 orc warriors
  An eye of draining (D:11)
  5 sky beasts
  The ghost of emiel the Cudgeler, an amateur OgWn (D:3)
  5 ogres
  18 centaurs
  13 wolves
  A big kobold (D:9)
  8 bullfrogs
  Blork the orc (D:6)
  5 gnoll sergeants
  A wyvern skeleton (D:14)
  3 scorpions
  A water moccasin skeleton (D:9)
  4 killer bees (D:8)
  7 wights
  5 howler monkeys
  5 crimson imps
  20 hounds
  A jelly (D:12)
  3 bullfrog skeletons
  7 orc priests
  3 gnoll shamans (D:6)
  7 orc wizards
  4 centaur skeletons
  2 iguanas
  9 worker ants
  A bullfrog simulacrum (D:13)
  2 hound skeletons
  A howler monkey skeleton (D:4)
  28 gnolls
  13 adders
  A river rat (D:6)
  2 shadow imps
  An adder zombie (D:10)
  A dart slug (D:1)
  6 leopard geckos
  63 orcs
  3 giant cockroaches
  11 goblins
  4 hobgoblins
  12 jackals
  5 quokkas
  A ball python (D:3)
  6 bats
  5 frilled lizards
  14 kobolds
  A leopard gecko zombie (D:5)
  2 quokka skeletons
  3 rats
453 creatures vanquished.

Vanquished Creatures (others)
  A deep elf mage (D:14)
  2 polar bears (IceCv)
  2 orc warriors (Bailey)
  4 wolves (IceCv)
  A centaur (D:14)
  2 plants (D:10)
12 creatures vanquished.

Grand Total: 465 creatures vanquished

Notes
Turn   | Place    | Note
-------+----------+-------------------------------------------
     0 | D:1      | Borgoz the Gargoyle Berserker began the quest for the Orb.
     0 | D:1      | Reached XP level 1. HP: 14/14 MP: 1/1
   257 | D:1      | Reached XP level 2. HP: 18/19 MP: 2/2
   688 | D:1      | Found a white marble altar of Elyvilon.
   690 | D:1      | Found a shadowy altar of Dithmenos.
   690 | D:1      | Found a radiant altar of Vehumet.
   692 | D:1      | Found a shimmering altar of Xom.
   692 | D:1      | Found an ornate altar of the Wu Jian Council.
   692 | D:1      | Found a shimmering altar of Xom.
   783 | D:2      | Reached XP level 3. HP: 24/24 MP: 3/3
   959 | D:2      | Found a glowing silver altar of Zin.
  1076 | D:2      | Reached XP level 4. HP: 26/29 MP: 4/4
  1161 | D:2      | Found a basalt altar of Yredelemnul.
  1166 | D:2      | Found an iron altar of Okawaru.
  1461 | D:2      | Found a sacrificial altar of Ru.
  1612 | D:3      | Found a runed translucent door.
  1618 | D:3      | Noticed emiel's ghost (amateur OgWn)
  1640 | D:3      | Reached skill level 4 in Maces & Flails
  1862 | D:3      | Reached ** piety under Trog
  1915 | D:3      | Found a faded altar of an unknown god.
  2015 | D:3      | Found a radiant altar of Vehumet.
  2078 | D:4      | Reached XP level 5. HP: 31/33 MP: 5/5
  2183 | D:4      | Found an ornate altar of the Wu Jian Council.
  2510 | D:4      | Found Dethathaom's Armour Shop.
  2803 | D:4      | Found a shattered altar of Ashenzari.
  2867 | D:5      | Entered Level 5 of the Dungeon
  2870 | D:5      | Noticed a sky beast
  2889 | D:5      | Killed a sky beast
  2889 | D:5      | Reached XP level 6. HP: 33/39 MP: 6/6
  2913 | D:5      | Reached skill level 5 in Maces & Flails
  3163 | D:5      | Reached XP level 7. HP: 25/44 MP: 7/7
  3444 | D:5      | Got a pitted whip
  3457 | D:5      | Identified the +7 whip of Fedhas {flame, Dex+5} (You found
                  | it on level 5 of the Dungeon)
  3803 | D:6      | Found Vetil's Food Emporium.
  3804 | D:6      | Noticed Blork the orc
  3809 | D:6      | Killed Blork the orc
  3809 | D:6      | Reached skill level 5 in Fighting
  3809 | D:6      | Reached skill level 1 in Shields
  3834 | D:6      | Found a shadowy altar of Dithmenos.
  3893 | D:6      | Reached skill level 6 in Maces & Flails
  3905 | D:6      | Reached *** piety under Trog
  3911 | D:6      | Reached XP level 8. HP: 20/49 MP: 8/8
  4166 | D:6      | Reached skill level 5 in Armour
  4305 | D:6      | Reached skill level 7 in Maces & Flails
  4640 | D:6      | Found a hazy altar of Hepliaklqana.
  4673 | D:6      | Noticed Grum
  4679 | D:6      | Killed Grum
  4679 | D:6      | Reached XP level 9. HP: 50/55 MP: 9/9
  4816 | D:6      | Reached **** piety under Trog
  4872 | D:6      | Found a staircase to the Ecumenical Temple.
  5097 | D:3      | Killed emiel's ghost
  5404 | D:7      | Got an ominously black robe
  5489 | D:7      | Found a stormy altar of Qazlal.
  5493 | D:7      | Reached skill level 8 in Maces & Flails
  5765 | D:8      | Reached ***** piety under Trog
  5765 | D:8      | Received a gift from Trog
  5794 | D:8      | Got a bloodstained rapier {god gift}
  5832 | D:8      | Got a heavily runed brass ring
  5834 | D:8      | Identified the cursed ring "Hinlicu" {MR+ Str-5 Int+5} (You
                  | found it on level 8 of the Dungeon)
  6024 | D:8      | Found Wylinew's Assorted Antiques.
  6033 | D:8      | Bought a scroll of identify for 48 gold pieces
  6033 | D:8      | Bought a potion of might for 96 gold pieces
  6033 | D:8      | Bought a scroll of remove curse for 72 gold pieces
  6144 | D:8      | Reached skill level 5 in Dodging
  6185 | D:9      | Reached skill level 5 in Shields
  6185 | D:9      | Reached XP level 10. HP: 63/63 MP: 10/10
  6217 | D:9      | Reached skill level 9 in Maces & Flails
  6365 | D:9      | Found Reol's General Store.
  6528 | D:9      | You fall into a shaft and drop 3 floors!
  6674 | D:12     | Got a steaming chain mail
  6685 | D:12     | Identified the +10 chain mail of a treasure trove {+Fly
                  | rCorr Int-4} (You found it on level 12 of the Dungeon)
  6738 | D:12     | Noticed a manticore
  6749 | D:12     | Killed a manticore
  6761 | D:12     | Identified the cursed +0 robe of Elitism {rF+ MR+ Str+2
                  | Dex-5} (You found it on level 7 of the Dungeon)
  6795 | D:12     | Received a gift from Trog
  6850 | D:12     | Noticed a two-headed ogre
  6865 | D:12     | Killed a two-headed ogre
  6865 | D:12     | Reached skill level 10 in Maces & Flails
  7204 | D:11     | Reached XP level 11. HP: 60/69 MP: 11/11
  7281 | D:10     | Entered Level 10 of the Dungeon
  7544 | D:9      | Noticed a two-headed ogre
  7555 | D:9      | Killed a two-headed ogre
  7652 | D:9      | Noticed a two-headed ogre
  7659 | D:9      | Killed a two-headed ogre
  7856 | D:10     | Reached skill level 11 in Maces & Flails
  7916 | D:10     | Found a staircase to the Lair.
  8092 | D:10     | Found a transporter.
  8232 | D:10     | Got an ichor-stained scale mail
  8243 | D:10     | Identified the +2 scale mail "Nefag" {rC- Regen+ Int+9
                  | Dex+4} (You found it on level 10 of the Dungeon)
  8421 | D:10     | Found a transporter.
  8425 | D:10     | Noticed Inarius's ghost (novice DsAK)
  8425 | D:10     | Noticed a rakshasa
  8711 | D:11     | Received a gift from Trog
  8736 | D:11     | Found a portal to a secret trove of treasure.
  9068 | D:11     | Found a staircase to the Orcish Mines.
  9981 | D:13     | Noticed a cyclops
 10028 | D:13     | Noticed a two-headed ogre
 10036 | D:13     | Killed a two-headed ogre
 10036 | D:13     | Reached XP level 12. HP: 62/77 MP: 12/12
 10116 | D:13     | Reached skill level 12 in Maces & Flails
 10341 | D:13     | Found Tuij Use's Distillery.
 10432 | D:13     | Noticed a tengu reaver
 10432 | D:13     | Noticed an ettin
 10449 | D:13     | Killed an ettin
 10487 | D:13     | Killed a tengu reaver
 10487 | D:13     | Reached skill level 10 in Fighting
 10986 | D:14     | Noticed a centaur warrior
 10995 | D:14     | Killed a centaur warrior
 10997 | D:14     | Reached skill level 10 in Armour
 11002 | D:14     | Received a gift from Trog
 11009 | D:14     | Found a flagged portal.
 11040 | Bailey   | Entered a bailey
 11168 | Bailey   | Identified the Papyrus of Ashen Flames
 11222 | D:14     | Noticed a centaur warrior
 11229 | D:14     | Killed a centaur warrior
 11243 | D:14     | Reached skill level 13 in Maces & Flails
 11278 | D:14     | Noticed a death knight
 11284 | D:14     | Reached XP level 13. HP: 74/83 MP: 13/13
 11290 | D:14     | Noticed a vampire knight
 11513 | D:14     | Found a frozen archway.
 11527 | IceCv    | Entered an ice cave
 11535 | IceCv    | Received a gift from Trog
 12137 | IceCv    | Reached skill level 14 in Maces & Flails
 12206 | IceCv    | Noticed a frost giant
 12225 | IceCv    | Killed a frost giant
 12234 | IceCv    | Gained mutation: Your large and strong wings let you fly
                  | indefinitely. [Gargoyle growth]
 12234 | IceCv    | Reached XP level 14. HP: 50/90 MP: 14/14
 12441 | D:14     | Noticed a vampire knight
 12456 | D:14     | Killed a vampire knight
 12517 | D:14     | Found a gate to the Vaults.
 12560 | D:14     | Killed a vampire knight
 12702 | D:14     | Killed from afar by a deep elf mage

Levels and vault maps discovered:
D:1:      psy_arrival_dodecagon, layout_basic, serial_glass, glass_columns_a,
          glass_columns_c, interstate_on_off, minmay_misc_feat_tower,
          doesnt_xom_only_xom
D:2:      layout_basic, nicolae_ru_path_of_blood, lemuel_crystal_altar,
          minitemple
D:3:      layout_rooms, lemuel_coloured_pillars_altar, first_ration,
          chequers_ecumenical_altar_simple_redux, hellmonk_ghost_happy_afterlife
D:4:      layout_basic, lemuel_doored_altar, lemuel_crystal_altar, serial_shops,
          kennysheep_mini_moat
D:5:      layout_cave_pools
D:6:      layout_cave_pools, overflow_temple_1_default,
          overflow_temple_1_default, minmay_temple_entry_antechambers,
          serial_gnoll_camp, gnoll_camp_huts_basic, gnoll_camp_mini_house,
          gnoll_camp_medium_01, grums_kennel, gnoll_camp_mini_loothouse,
          gup_sewer_entry_bowl, serial_shops, shop, kennysheep_cross_bottleneck,
          uniq_blork_the_orc
D:7:      layout_gridville, nicolae_qazlal_style_of_elements, the_bakery,
          kennysheep_generic_room_14
D:8:      layout_layer_cave, serial_shops, nicolae_shop_stone
D:9:      layout_loops_ring, serial_shops, nicolae_shop_behind_doors, uniq_grum
D:10:     layout_basic, david_lair_shrubbed, gammafunk_ghost_abyssal_escape
D:11:     layout_roguey, hiddenorc1_lemuel, enter_trove_0
D:12:     layout_irregular_city, grunt_decor_arrowhead
D:13:     layout_basic, serial_shops, nicolae_shop_window_shopping,
          wad_scary_box
D:14:     layout_roguey, lightli_vaults_fourway_checkpoint, serial_rivers,
          chequers_serial_rivers_micro_a, chequers_serial_rivers_room_b,
          chequers_serial_rivers_small_3, chequers_serial_rivers_micro_b,
          portal_ice_cave_rime, enter_bailey_3, minmay_misc_feat_more_columns,
          minmay_guarded_unrand_vampires_tooth

Skill      XL: |  1  2  3  4  5  6  7  8  9 10 11 12 13 14 |
---------------+-------------------------------------------+-----
Dodging        | 2 3 4 5 6 7 8 9 |  9.0
Maces & Flails | 4 5 6 7 8 10 11 13 14 | 14.5
Armour         | 3 4 5 6 8 9 10 11 | 11.5
Fighting       | 4 5 6 7 8 9 10 11 | 11.8
Shields        | 1 3 5 6 8 |  8.9

Action                   |  1- 3 |  4- 6 |  7- 9 | 10-12 | 13-15 || total
-------------------------+-------+-------+-------+-------+-------++-------
Melee: Mace              |    62 |   153 |    14 |       |       ||   229
       Whip              |       |       |   338 |   286 |       ||   624
       Morningstar       |       |       |       |   241 |   401 ||   642
Invok: Berserk           |       |     1 |     3 |     6 |     3 ||    13
       Trog's Hand       |       |       |       |     3 |     3 ||     6
 Abil: Evoke Flight      |       |       |       |       |     1 ||     1
Evoke: Wand              |       |       |       |    31 |       ||    31
  Use: Scroll            |       |       |    16 |     3 |     1 ||    20
       Potion            |       |       |       |     1 |     3 ||     4
  Eat: Chunk             |       |     7 |    14 |    18 |     7 ||    46
       Ration            |       |       |       |     1 |     1 ||     2
Armor: Animal skin       |    10 |       |       |       |       ||    10
       Scale mail        |    40 |    73 |   135 |    18 |       ||   266
       Chain mail        |       |       |       |   214 |   221 ||   435
Dodge: Dodged            |    45 |    85 |   306 |   337 |   238 ||  1011
Block: Buckler           |       |       |   102 |    85 |       ||   187
       Shield            |       |       |       |   129 |   318 ||   447
       Reflection        |       |       |       |    24 |     8 ||    32

Table legend:
 A = Non-vault XP
 B = Vault XP
 C = Vault XP percentage of total XP
 D = Non-vault monster count
 E = Vault monster count
 F = Vault count percentage of total count
                 A         B        C        D         E       F
            +---------+---------+-------+---------+---------+-------
      Total |   32417 |   31612 |  49.4 |     302 |     157 |  34.2
            +---------+---------+-------+---------+---------+-------
        D:1 |      23 |       0 |   0.0 |      14 |       0 |   0.0
        D:2 |      79 |       0 |   0.0 |       9 |       0 |   0.0
        D:3 |      52 |     124 |  70.5 |      18 |       1 |   5.3
        D:4 |     118 |       0 |   0.0 |      10 |       0 |   0.0
        D:5 |     543 |       0 |   0.0 |      19 |       0 |   0.0
        D:6 |     151 |    1516 |  90.9 |       9 |      45 |  83.3
        D:7 |     955 |     308 |  24.4 |      38 |       2 |   5.0
        D:8 |     695 |       0 |   0.0 |      19 |       0 |   0.0
        D:9 |    3979 |       0 |   0.0 |      38 |       0 |   0.0
       D:10 |    2194 |     361 |  14.1 |      23 |       1 |   4.2
       D:11 |    3299 |     258 |   7.3 |      29 |      17 |  37.0
       D:12 |    3630 |       0 |   0.0 |      31 |       0 |   0.0
       D:13 |    2349 |    4670 |  66.5 |       7 |       8 |  53.3
       D:14 |   14350 |   10464 |  42.2 |      38 |      24 |  38.7
     Bailey |       0 |    2306 | 100.0 |       0 |      12 | 100.0
      IceCv |       0 |   11605 | 100.0 |       0 |      47 | 100.0
            +---------+---------+-------+---------+---------+-------
